 Dungeon Crawl Stone Soup version 0.30-a0-924-g0ad0bf95bc (webtiles) character file.

Game seed: 370077543557612646

65 Dordric the Grasshopper (level 4, 0/34 HPs)
             Began as a Barachi Warper on Mar 23, 2023.
             Killed from afar by Ijyb (13 damage)
             ... with a puff of flame
             ... on level 3 of the Dungeon.
             The game lasted 00:02:28 (2088 turns).

Dordric the Grasshopper (Barachi Warper)            Turns: 2088, Time: 00:02:28

Health: 0/34       AC:  6    Str: 12    XL:     4   Next: 13%
Magic:  8/8        EV: 11    Int: 13    God:
Gold:   174        SH:  0    Dex: 14    Spells: 7/9 levels left

rFire   . . .      SeeInvis .    o - +2 dagger (venom)
rCold   . . .      Faith    .    (no shield)
rNeg    + . .      Spirit   .    l - +0 ring mail
rPois   +          Reflect  .    (no helmet)
rElec   .          Rampage  .    (no cloak)
rCorr   .                        u - +0 pair of gloves
Will    .....                    (no boots)
Stlth   +                        (no amulet)
HPRegen 0.25/turn                n - ring of poison resistance
MPRegen 0.11/turn                i - ring of positive energy

@: brilliant, attractive, slow
A: amphibious, slowness 1, strong legs 1, +LOS
a: Hop


You were on level 3 of the Dungeon.
You visited 1 branch of the dungeon, and saw 3 of its levels.

You collected 174 gold pieces.

Inventory:

Hand Weapons
 a - a +0 falchion
 o - a +2 dagger of venom (weapon)
Missiles
 d - 7 boomerangs of dispersal (quivered)
Armour
 b - a +0 leather armour
 g - a +1 robe of willpower
 l - a +0 ring mail (worn)
 u - a +0 pair of gloves (worn)
Jewellery
 i - a ring of positive energy (right hand)
 n - a ring of poison resistance (left hand)
Scrolls
 c - 2 scrolls of blinking
 e - 6 scrolls of identify {unknown}
 k - a scroll of enchant weapon {unknown}
 m - a scroll of immolation {unknown}
 q - a scroll of teleportation {unknown}
 r - a scroll of acquirement {unknown}
 s - a scroll of vulnerability {unknown}
 v - a scroll of fear {unknown}
Potions
 f - a potion of cancellation {unknown}
 h - 2 potions of brilliance
 t - a potion of flight {unknown}


   Skills:
 - Level 2.4 Fighting
 + Level 3.5 Long Blades
 - Level 1.0 Throwing
 - Level 1.2 Armour
 - Level 2.1 Dodging
 + Level 3.1 Spellcasting
 + Level 4.1 Translocations


You had 7 spell levels left.
You knew the following spells:

 Your Spells              Type           Power      Damage    Failure   Level
a - Blink                 Tloc           38%        N/A       14%         2

Your spell library contained the following spells:

 Spells                   Type           Power      Damage    Failure   Level
 Lesser Beckoning         Tloc           38%        N/A       14%         2
 Teleport Other           Tloc           19%        N/A       28%         3
 Sandblast                Erth           6%         2d5       45%         1
 Slow                     Hex            12%        N/A       45%         1
 Vhi's Electric Charge    Tloc/Air       22%        N/A       56%         3
 Passwall                 Tmut/Erth      2%         N/A       61%         2
 Manifold Assault         Tloc           19%        N/A       67%         4
 Confusing Touch          Hex            3%         N/A       83%         3
 Stone Arrow              Conj/Erth      6%         3d7       83%         3
 Vampiric Draining        Necr           3%         2d6       83%         3
 Chain Lightning          Conj/Air       1%         3d2       100%        9
 Fire Storm               Conj/Fire      1%         8d1       100%        9
 Shatter                  Erth           1%         3d6*      100%        9


Dungeon Overview and Level Annotations

Branches:
Dungeon (3/15)

Altars:

Annotations:
D:3 Ijyb


Innate Abilities, Weirdness & Mutations

You are amphibious.
You cover ground slowly.
You can hop short distances.
You have an extended range of vision and can be seen from far away.


Message History

Ijyb screams, "Get away!"
The adder bites you.
You barely miss the adder. The adder barely misses you.
You hit the adder.
The adder is poisoned.
The adder is moderately wounded.
The adder closely misses you.
You closely miss the adder.
The adder is moderately wounded.
The adder bites you.
You miss the adder.
The adder is moderately wounded.
The adder barely misses you. The adder closely misses you.
You hit the adder but do no damage.
The adder looks as sick as possible!
The adder is moderately wounded.
The adder bites you but does no damage.
You closely miss the adder.
The adder is moderately wounded.
The adder bites you.
You are poisoned.
The adder poisons you!
You hit the adder.
The adder looks as sick as possible!
The adder is almost dead.
You feel sick. The adder bites you but does no damage.
You barely miss the adder.
The adder is almost dead.
You feel sick.
You kill the adder!
Ijyb zaps a wand.
The puff of flame hits you.
* * * LOW HITPOINT WARNING * * *
You have reached level 4!
You feel agile.
It was a potion of brilliance.
You feel clever all of a sudden.
You feel sick.
It was a potion of attraction.
You feel attractive to monsters.
You feel sick. Ijyb closely misses you.
It was a potion of curing.
You feel better.
Ijyb zaps a wand.
The puff of flame hits you!
You die...

.........#
....##########
..#..........##
..#####.......# ..#
#.......## ..#
#........## ..#
#.........#
..#####.......#.####
..#...........#.@g.###
..#.######.#######...#
..# #.# ###.### ..#
#.# #...#.#### #.# #.#
######......... #.#
#####.#
#.............. #.#
...#.# #......!.......
#.######.#.#
#..............
...........#
#..............


You could see Ijyb.

Vanquished Creatures
  2 adders (D:3)
  A worm (D:3)
  An orc (D:3)
  6 bats
  3 endoplasms
  3 giant cockroaches (D:1)
  3 hobgoblins
  6 jackals
  6 kobolds
  3 ball pythons
  3 goblins
  2 rats
39 creatures vanquished.

Notes
Turn   | Place    | Note
-------+----------+-------------------------------------------
     0 | D:1      | Dordric the Barachi Warper began the quest for the Orb.
     0 | D:1      | Reached XP level 1. HP: 17/17 MP: 3/3
   179 | D:1      | Reached XP level 2. HP: 21/23 MP: 5/5
   822 | D:1      | Learned a level 2 spell: Blink
   898 | D:2      | Reached XP level 3. HP: 6/28 MP: 7/7
  1901 | D:3      | Reached skill level 4 in Translocations
  2033 | D:3      | Found a faded altar of an unknown god.
  2066 | D:3      | Noticed Ijyb
  2086 | D:3      | Reached XP level 4. HP: 5/34 MP: 8/8
  2088 | D:3      | Killed from afar by Ijyb

Illustrated notes

Levels and vault maps discovered:
D:1:      dpeg_arrival_round_c, layout_basic, minmay_pentomino_s4
D:2:      layout_basic, dk_noncrumbling_4
D:3:      layout_basic, dreamdust_ecumenical_altar_statues,
          minmay_misc_feat_secret_circle, uniq_ijyb

Skill      XL: |  1  2  3 |
---------------+----------+-----
Long Blades    | 3 |  3.5
Spellcasting   | 3 |  3.1
Translocations | 4 |  4.1
Fighting       | |  2.4
Throwing       | |  1.0
Armour         | |  1.2
Dodging        | |  2.1

Action                     |  1- 3 |  4- 6 || total
---------------------------+-------+-------++-------
  Melee: Falchion          |    88 |       ||    88
         Dagger            |    60 |       ||    60
         Punch             |     1 |       ||     1
    Use: Potion            |       |     3 ||     3
 Armour: Leather armour    |     5 |       ||     5
         Ring mail         |    51 |       ||    51
         Robe              |    13 |       ||    13
  Dodge: Dodged            |   103 |     1 ||   104

Table legend: (Time is in decaauts)
 A = Elapsed time spent in this place.
 B = Non-inter-level travel time spent in this place.
 C = Inter-level travel time spent in this place.
 D = Time resting spent in this place.
 E = Time spent auto-exploring this place.
 F = Levels seen in this place.
 G = Mean time per level.
                   A        B        C        D        E       F      G
               +--------+--------+--------+--------+--------+-----+--------+
         Total |   2418 |   2344 |     74 |      0 |   1915 |   3 |  806.0 |
       Dungeon |   2418 |   2344 |     74 |      0 |   1915 |   3 |  806.0 |
               +--------+--------+--------+--------+--------+-----+--------+

Top non-repeatable levels by time:
     D:1: 1103 daAuts
     D:2: 855 daAuts
     D:3: 460 daAuts
